 Dungeon Crawl Stone Soup version 0.21-a0-352-g5b8f553 (webtiles) character file.

229410 4thArraOfDagon the Fighter (level 18, -25/150 HPs)
             Began as a Gnoll Monk on Oct 10, 2017.
             Was a High Priest of Cheibriados.
             Annihilated by an azure jelly (32 damage)
             ... on level 5 of the Pits of Slime.
             The game lasted 01:26:31 (13690 turns).

4thArraOfDagon the Fighter (Gnoll Monk)            Turns: 13690, Time: 01:26:31

Health: -25/150    AC: 38    Str: 29    XL:     18   Next: 99%
Magic:  31/34      EV: 29    Int: 34    God:    Cheibriados [*****.]
Gold:   1250       SH:  0    Dex: 33    Spells: 25/41 levels left

rFire    . . .     SeeInvis .   A - +7 war axe (venom)
rCold    . . .     Gourm    .   (no shield)
rNeg     + . .     Faith    .   (armour currently unavailable)
rPois    ∞         Spirit   .   b - +2 helmet
rElec    +         Reflect  .   G - +2 cloak {rPois}
rCorr    .         Harm     .   (gloves currently unavailable)
MR       +....     Rnd*Tele +   (boots currently unavailable)
Stlth    ++........             n - amulet of regeneration
HPRegen  0.75/turn              X - +3 ring of intelligence
MPRegen  0.24/turn              H - +3 ring of intelligence

@: confused, statue-form, very slow
A: distributed training, fangs 2, talons 1, blurry vision 2, dopey 2, frail 2,
teleportitis 1, wild magic 1, no potion heal 1, strong nose
}: 2/15 runes: barnacled, gossamer
a: End Transformation, Bend Time, Temporal Distortion, Slouch, Step From Time,
Renounce Religion


You were on level 5 of the Pits of Slime.
You worshipped Cheibriados.
Cheibriados was extremely pleased with you.
You were not hungry.
You were a stone statue.
You visited 7 branches of the dungeon, and saw 37 of its levels.
You also visited: Ice Cave.

You collected 2874 gold pieces.
You spent 1624 gold pieces at shops.

Inventory:

Hand Weapons
 A - a +7 war axe of venom (weapon)
 D - a +2 scimitar of flaming
 I - a +2 demon trident of electrocution
Missiles
 p - 10 throwing nets (quivered)
Armour
 b - a +2 helmet (worn)
 o - a +2 troll leather armour {Snorg}
 E - a +2 pair of gloves (melded)
 G - a +2 cloak of poison resistance (worn)
 U - the +5 ring mail of the Nine Shrikes (melded) {Int+3 Stlth+}
   (You bought it in a shop on level 2 of the Orcish Mines)

   It affects your intelligence (+3).
   It makes you more stealthy.
Magical Staves
 i - an uncursed staff of energy {!a}
 F - an uncursed staff of wizardry {!a}
Jewellery
 n - an amulet of regeneration (around neck)
 H - a +3 ring of intelligence (right hand)
 L - an uncursed ring of fire
 X - a +3 ring of intelligence (left hand)
 Z - an uncursed ring of protection from cold
Wands
 s - a wand of acid (3/15)
 y - a wand of flame (19/48)
 J - a wand of iceblast (11/15)
 P - a wand of paralysis (3/24)
 Q - a wand of polymorph (11/24)
 R - a wand of acid (3/15)
Scrolls
 e - 7 scrolls of blinking {unknown}
 f - 4 scrolls of random uselessness {unknown}
 g - 9 scrolls of remove curse
 k - 2 scrolls of fear
 m - 7 scrolls of teleportation
 r - 4 scrolls of recharging
 t - 4 scrolls of fog
 w - a scroll of summoning
 z - 4 scrolls of amnesia
 K - 2 scrolls of immolation
 M - 7 scrolls of magic mapping
 N - a scroll of enchant armour
 W - 2 scrolls of holy word
Potions
 d - 8 potions of curing
 l - 4 potions of flight
 q - 5 potions of ambrosia
 u - 4 potions of brilliance
 v - a potion of heal wounds
 x - 5 potions of might
 B - 2 potions of cancellation
 C - 6 potions of magic
 O - a potion of invisibility
 T - a potion of resistance
 Y - 2 potions of agility
Miscellaneous
 a - a lamp of fire
 h - a fan of gales
Comestibles
 c - 17 bread rations
 S - 12 meat rations


   Skills:
 + Level 13.6 Fighting
 + Level 12.3 Short Blades
 + Level 12.3 Long Blades
 + Level 13.6 Axes
 + Level 12.3 Maces & Flails
 + Level 12.3 Polearms
 + Level 12.3 Staves
 + Level 12.3 Slings
 + Level 12.3 Bows
 + Level 12.3 Crossbows
 + Level 12.3 Throwing
 + Level 12.3 Armour
 + Level 13.6 Dodging
 + Level 12.9 Stealth
 + Level 12.3 Shields
 + Level 12.3 Unarmed Combat
 + Level 12.3 Spellcasting
 + Level 12.3 Conjurations
 + Level 12.3 Hexes
 + Level 12.3 Charms
 + Level 12.3 Summonings
 + Level 12.3 Necromancy
 + Level 12.3 Translocations
 + Level 12.3 Transmutations
 + Level 12.3 Fire Magic
 + Level 12.3 Ice Magic
 + Level 12.3 Air Magic
 + Level 12.3 Earth Magic
 + Level 12.3 Poison Magic
 + Level 12.3 Invocations
 + Level 12.3 Evocations


You had 25 spell levels left.
You knew the following spells:

 Your Spells              Type           Power        Failure   Level  Hunger
a - Blink                 Tloc           N/A          1%          2    None
b - Passage of Golubria   Tloc           N/A          1%          4    None
c - Lesser Beckoning      Tloc           #######...   1%          3    None
d - Statue Form           Tmut/Erth      #######..    3%          6    ####...
e - Apportation           Tloc           ######       1%          1    None


Dungeon Overview and Level Annotations

Branches:
Dungeon (15/15)            Temple (1/1) D:5            Lair (6/6) D:8
 Shoals (4/4) Lair:4       Spider (4/4) Lair:2        Slime (5/5) Lair:6
    Orc (2/2) D:11            Elf (0/3) Orc:2        Vaults (0/5) D:13
 Depths: D:15

Altars:
Ashenzari
Cheibriados
Elyvilon
Fedhas
Kikubaaqudgha
Makhleb
Ru
Sif Muna
Trog
Vehumet
Xom
Yredelemnul
Zin
The Shining One
Beogh
Jiyva

Shops:
D:11 }   D:13 ?   D:15 ?   Orc:1 ::}%(   Orc:2 *([=

Portals:
Trove: D:11 (give +4 ice dragon scales)

Annotations:
D:8 LAIR
Lair:4 SLIME
Slime:5 4thArraOfDagon's ghost, adept OgEn
Orc:1 Fannar


Innate Abilities, Weirdness & Mutations

Your experience applies equally to all skills.
You have extremely sharp teeth.
Your uncanny sense of smell can sniff out nearby items.
You have sharp toenails.
Scrolls take you longer to read.
You are very dopey. (Int -4)
You are very frail. (-20% HP)
You are occasionally teleported next to monsters.
Your spells are a little harder to cast, but a little more powerful.
Potions are less effective at restoring your health.


Message History

You claw the azure jelly, but do no damage.
You punch the azure jelly!!
You bite the azure jelly, but do no damage.
The azure jelly is severely wounded.
You barely miss 4thArraOfDagon's ghost.
The azure jelly completely misses you. x3
The azure jelly hits you but does no damage. 4thArraOfDagon's ghost hits you!!
The azure jelly hits you. The azure jelly freezes you!!
The azure jelly hits you but does no damage. x2
The azure jelly closely misses you.
Your system partially rejects the healing.
You feel better. The azure jelly hits you. The azure jelly freezes you!!!
* * * LOW HITPOINT WARNING * * *
The azure jelly closely misses you. x2; The azure jelly barely misses you. 4thArraOfDagon's ghost casts a spell at you.
You are confused.
The azure jelly completely misses you. The azure jelly hits you.
* * * LOW HITPOINT WARNING * * *
The azure jelly freezes you!!
You die...

...............
...............
...............
...............
...............
...............
.......J.....#
.......8W..#
..........##
.........##
.........#
.........#
.......###
......# #....#


You could see an azure jelly and 4thArraOfDagon's ghost.

Vanquished Creatures
  Nikola (Spider:3)
  Arachne (Spider:3)
  Rupert (Lair:3)
  Asterion (Spider:3)
  Polyphemus (Shoals:4)
  11 acid blobs
  Agnes (Spider:1)
  Kirke (Spider:2)
  3 azure jellies
  Ilsuiw (Shoals:4)
  A frost giant (IceCv)
  An orc warlord (Orc:2)
  5 ghost moths
  Louise (Spider:3)
  3 emperor scorpions (Spider:4)
  Azrael (Spider:3)
  4 entropy weavers
  A spark wasp (Spider:4)
  6 merfolk impalers
  Snorg (Orc:1)
  A death ooze (Slime:5)
  4 merfolk javelineers (Shoals:4)
  Harold (D:10)
  An ice dragon (Lair:6)
  A vault guard (D:13)
  2 centaur warriors
  3 catoblepae
  3 hydras
  3 merfolk avatars (Shoals:4)
  Erica (Orc:1)
  2 satyrs
  3 death yaks (Shoals:4)
  The ghost of Xiguana the Infuser, a novice GnSk of Vehumet (D:9)
  8 two-headed ogres
  5 merfolk aquamancers
  A queen ant (Spider:3)
  2 orc high priests (Orc:2)
  A deep elf knight (D:13)
  Nergalle (Orc:2)
  2 fire crabs
  8 sea snakes
  2 unseen horrors
  A harpy (D:13)
  A lindwurm (Lair:6)
  A phantasmal warrior (D:13)
  5 orc knights
  16 wolf spiders
  5 orc sorcerers
  7 orb spiders
  11 ugly things
  A deep elf mage (D:14)
  9 manticores
  7 fauns
  2 cyclopes
  A shining eye (Slime:5)
  An ice statue (IceCv)
  2 centaur zombies
  7 black mambas
  3 merfolk sirens (Shoals:4)
  Maurice (D:8)
  3 eyes of devastation
  8 spiny frogs
  5 water nymphs
  A rime drake (Lair:5)
  6 torpor snails
  6 komodo dragons
  7 demonic crawlers
  A yaktaur (D:15)
  2 ice devils (Lair:1)
  14 hornets
  3 tyrant leeches (Lair:6)
  10 trolls
  14 jumping spiders
  28 polar bears
  22 merfolk
  63 slime creatures
  3 blink frogs (Lair:6)
  2 meliai zombies
  7 dream sheep (Lair:6)
  3 snapping turtles
  2 raiju (Lair:6)
  A wind drake (Shoals:4)
  12 hippogriffs
  9 tarantellas
  38 redbacks
  59 yaks
  3 shadows
  9 wyverns
  4 water elementals
  4 fire elementals (Spider:3)
  10 hogs
  A wraith (D:15)
  5 hungry ghosts
  A human (D:8)
  Grum (Lair:1)
  Edmund (D:6)
  9 wargs
  20 soldier ants (Spider:3)
  An acid dragon (D:11)
  19 hell hounds
  6 porcupines
  6 water moccasins
  4 sky beasts
  2 ice beasts
  30 orc warriors
  20 black bears
  4 eyes of draining
  17 ogres
  3 boggarts (D:15)
  55 wolves
  15 centaurs
  6 big kobolds
  12 crocodiles
  18 bullfrogs
  2 gnoll sergeants
  4 scorpions
  16 killer bees
  4 wights
  10 howler monkeys
  9 electric eels
  2 bullfrog zombies
  6 crimson imps
  2 jellies (D:12)
  21 orc priests
  4 hounds
  3 bullfrog skeletons
  27 orc wizards
  2 gnoll shamans (D:9)
  2 centaur skeletons
  2 iguanas
  32 worker ants
  3 hound skeletons
  9 gnolls
  4 adders
  4 shadow imps
  An adder skeleton (D:6)
  An adder zombie (D:5)
  5 worms
  2 dart slugs (D:2)
  2 leopard geckos
  72 orcs
  A ball python (D:4)
  3 bats
  2 giant cockroaches
  6 hobgoblins
  10 jackals
  2 quokkas
  3 frilled lizards
  5 goblins
  5 kobolds
  A leopard gecko skeleton (D:7)
  7 rats
  2 fungi (Lair:6)
  14 plants
1110 creatures vanquished.

Vanquished Creatures (others)
  An orb spider (Spider:3)
  A merfolk siren (Shoals:4)
  A jumping spider (Spider:3)
  3 redbacks (Spider:3)
  2 tarantellas (Spider:3)
  An orc wizard (Orc:2)
  An orc (Orc:1)
  A quokka (D:6)
  3 bushes (Lair:6)
  6 fungi
  14 plants
34 creatures vanquished.

Grand Total: 1144 creatures vanquished

Notes
Turn   | Place    | Note
-------+----------+-------------------------------------------
     0 | D:1      | 4thArraOfDagon the Gnoll Monk began the quest for the Orb.
     0 | D:1      | Reached XP level 1. HP: 23/23 MP: 1/1
   175 | D:1      | Reached XP level 2. HP: 29/29 MP: 2/2
   412 | D:4      | Noticed an ogre
   430 | D:4      | Found a glowing silver altar of Zin.
   431 | D:4      | Noticed an angel
   434 | D:4      | Noticed an ogre
   499 | D:5      | Entered Level 5 of the Dungeon
   742 | D:5      | Reached XP level 3. HP: 26/35 MP: 2/4
   776 | D:5      | Reached skill level 1 in Short Blades
   776 | D:5      | Reached skill level 1 in Long Blades
   776 | D:5      | Reached skill level 1 in Maces & Flails
   776 | D:5      | Reached skill level 1 in Polearms
   776 | D:5      | Reached skill level 1 in Staves
   776 | D:5      | Reached skill level 1 in Slings
   776 | D:5      | Reached skill level 1 in Bows
   776 | D:5      | Reached skill level 1 in Crossbows
   776 | D:5      | Reached skill level 1 in Throwing
   776 | D:5      | Reached skill level 1 in Armour
   776 | D:5      | Reached skill level 1 in Shields
   776 | D:5      | Reached skill level 1 in Unarmed Combat
   776 | D:5      | Reached skill level 1 in Spellcasting
   776 | D:5      | Reached skill level 1 in Conjurations
   776 | D:5      | Reached skill level 1 in Hexes
   776 | D:5      | Reached skill level 1 in Charms
   776 | D:5      | Reached skill level 1 in Summonings
   776 | D:5      | Reached skill level 1 in Necromancy
   776 | D:5      | Reached skill level 1 in Translocations
   776 | D:5      | Reached skill level 1 in Transmutations
   776 | D:5      | Reached skill level 1 in Fire Magic
   776 | D:5      | Reached skill level 1 in Ice Magic
   776 | D:5      | Reached skill level 1 in Air Magic
   776 | D:5      | Reached skill level 1 in Earth Magic
   776 | D:5      | Reached skill level 1 in Poison Magic
   776 | D:5      | Reached skill level 1 in Invocations
   776 | D:5      | Reached skill level 1 in Evocations
   776 | D:5      | Reached XP level 4. HP: 28/41 MP: 5/5
   858 | D:5      | Found a staircase to the Ecumenical Temple.
   898 | D:5      | Reached XP level 5. HP: 31/47 MP: 5/7
   922 | D:5      | Noticed an ogre
   928 | D:5      | Killed an ogre
   928 | D:5      | Reached XP level 6. HP: 53/53 MP: 8/8
   941 | Temple   | Entered the Ecumenical Temple
   947 | Temple   | Became a worshipper of Cheibriados the Contemplative
   947 | Temple   | Reached * piety under Cheibriados
   947 | Temple   | Reached ** piety under Cheibriados
  1120 | D:5      | Reached XP level 7. HP: 36/59 MP: 10/10
  1140 | D:5      | Found a blossoming altar of Fedhas.
  1346 | D:4      | Reached skill level 5 in Stealth
  1351 | D:4      | Gained mutation: Your flesh is cold resistant. (rC+) [mutagenic meat]
  1352 | D:4      | Gained mutation: Scrolls take you a little longer to read. [mutagenic meat]
  1411 | D:3      | Reached XP level 8. HP: 38/67 MP: 12/12
  1476 | D:3      | Reached *** piety under Cheibriados
  1727 | D:4      | You fall through a shaft for 3 floors!
  1953 | D:5      | Found a sacrificial altar of Ru.
  2060 | D:4      | Reached **** piety under Cheibriados
  2076 | D:4      | Found a basalt altar of Yredelemnul.
  2302 | D:6      | Noticed Edmund
  2326 | D:6      | Killed Edmund
  2326 | D:6      | Reached XP level 9. HP: 71/72 MP: 14/14
  2428 | D:6      | Got a warped robe
  2437 | D:6      | Found a bloodstained altar of Trog.
  2494 | D:6      | Identified the +2 robe of Xiesur {rC+} (You found it on level 6 of the Dungeon)
  2567 | D:6      | Found a white marble altar of Elyvilon.
  2922 | D:7      | Reached ***** piety under Cheibriados
  3018 | D:8      | Noticed a two-headed ogre
  3022 | D:8      | Killed a two-headed ogre
  3066 | D:8      | Reached XP level 10. HP: 74/80 MP: 17/17
  3212 | D:8      | Reached skill level 5 in Short Blades
  3212 | D:8      | Reached skill level 5 in Long Blades
  3212 | D:8      | Reached skill level 5 in Maces & Flails
  3212 | D:8      | Reached skill level 5 in Polearms
  3212 | D:8      | Reached skill level 5 in Staves
  3212 | D:8      | Reached skill level 5 in Slings
  3212 | D:8      | Reached skill level 5 in Bows
  3212 | D:8      | Reached skill level 5 in Crossbows
  3212 | D:8      | Reached skill level 5 in Throwing
  3212 | D:8      | Reached skill level 5 in Armour
  3212 | D:8      | Reached skill level 5 in Shields
  3212 | D:8      | Reached skill level 5 in Unarmed Combat
  3212 | D:8      | Reached skill level 5 in Spellcasting
  3212 | D:8      | Reached skill level 5 in Conjurations
  3212 | D:8      | Reached skill level 5 in Hexes
  3212 | D:8      | Reached skill level 5 in Charms
  3212 | D:8      | Reached skill level 5 in Summonings
  3212 | D:8      | Reached skill level 5 in Necromancy
  3212 | D:8      | Reached skill level 5 in Translocations
  3212 | D:8      | Reached skill level 5 in Transmutations
  3212 | D:8      | Reached skill level 5 in Fire Magic
  3212 | D:8      | Reached skill level 5 in Ice Magic
  3212 | D:8      | Reached skill level 5 in Air Magic
  3212 | D:8      | Reached skill level 5 in Earth Magic
  3212 | D:8      | Reached skill level 5 in Poison Magic
  3212 | D:8      | Reached skill level 5 in Invocations
  3212 | D:8      | Reached skill level 5 in Evocations
  3356 | D:8      | Noticed Maurice
  3376 | D:8      | Killed Maurice
  3614 | D:8      | Found a staircase to the Lair.
  3670 | D:9      | Reached ****** piety under Cheibriados
  3695 | D:9      | Reached XP level 11. HP: 76/87 MP: 19/19
  4144 | D:9      | Found a shimmering altar of Xom.
  4271 | D:9      | Noticed Xiguana's ghost (novice GnSk)
  4291 | D:9      | Killed Xiguana's ghost
  4685 | D:9      | Learned a level 2 spell: Blink
  4690 | D:9      | Learned a level 4 spell: Passage of Golubria
  4694 | D:9      | Learned a level 3 spell: Lesser Beckoning
  4698 | D:9      | Got a heavy robe
  4709 | D:9      | Identified the +0 robe "Alunwid" {rF+ Str+4} (You found it on level 9 of the Dungeon)
  4767 | D:10     | Entered Level 10 of the Dungeon
  4813 | D:10     | Noticed Harold
  4825 | D:10     | Killed Harold
  4832 | D:10     | Noticed a two-headed ogre
  4841 | D:10     | Killed a two-headed ogre
  4927 | D:10     | Noticed a two-headed ogre
  4934 | D:10     | Killed a two-headed ogre
  4934 | D:10     | Reached XP level 12. HP: 82/96 MP: 22/22
  5157 | D:11     | Found a staircase to the Orcish Mines.
  5329 | D:12     | Lost mutation: Scrolls take you a little longer to read. [potion of mutation]
  5329 | D:12     | Lost mutation: Your flesh is cold resistant. (rC+) [potion of mutation]
  5329 | D:12     | Gained mutation: Your spells are a little easier to cast, but a little less powerful. [potion of mutation]
  5329 | D:12     | Gained mutation: You occasionally shout uncontrollably at your foes. [potion of mutation]
  5329 | D:12     | Gained mutation: Your flesh is heat resistant. (rF+) [potion of mutation]
  5329 | D:12     | Gained mutation: You have sharp toenails. [potion of mutation]
  5330 | D:12     | Lost mutation: Your spells are a little easier to cast, but a little less powerful. [potion of mutation]
  5330 | D:12     | Lost mutation: Your flesh is heat resistant. (rF+) [potion of mutation]
  5330 | D:12     | Gained mutation: You are somewhat resistant to further mutation. [potion of mutation]
  5330 | D:12     | Gained mutation: You have supernaturally acute eyesight. (SInv) [potion of mutation]
  5330 | D:12     | Gained mutation: You have razor-sharp toenails. [potion of mutation]
  5436 | D:11     | Found a portal to a secret trove of treasure.
  5467 | D:11     | Noticed a two-headed ogre
  5471 | D:11     | Killed a two-headed ogre
  5550 | D:12     | Noticed a centaur warrior
  5554 | D:12     | Killed a centaur warrior
  5847 | Orc:1    | Entered Level 1 of the Orcish Mines
  5853 | Orc:1    | Noticed Snorg
  5864 | Orc:1    | Killed Snorg
  5864 | Orc:1    | Reached skill level 10 in Fighting
  5864 | Orc:1    | Reached skill level 10 in Axes
  5864 | Orc:1    | Reached skill level 10 in Dodging
  5889 | Orc:1    | Found Ynibbiel's Book Boutique.
  5906 | Orc:1    | Bought a book of Transfigurations for 715 gold pieces
  5913 | Orc:1    | Learned a level 6 spell: Statue Form
  5937 | Orc:1    | Found Qurren's Antique Weapon Boutique.
  5959 | Orc:1    | Found Uweofi's Gadget Shop.
  5960 | Orc:1    | Found Tifupsoi's Book Emporium.
  5999 | Orc:1    | Found Hommem's Food Shop.
  6019 | Orc:2    | Entered Level 2 of the Orcish Mines
  6045 | Orc:2    | Paralysed by an orc sorcerer for 7 turns
  6132 | Orc:2    | Reached XP level 13. HP: 67/103 MP: 24/24
  6261 | Orc:1    | Noticed Erica
  6268 | Orc:1    | Killed Erica
  6329 | Orc:1    | Noticed Fannar
  6428 | Orc:2    | Found a staircase to the Elven Halls.
  6587 | Orc:2    | Noticed an orc warlord
  6611 | Orc:2    | Killed an orc warlord
  6644 | Orc:2    | Found a roughly hewn altar of Beogh.
  6647 | Orc:2    | Noticed Nergalle
  6647 | Orc:2    | Found Acoc's General Store.
  6655 | Orc:2    | Killed Nergalle
  6683 | Orc:2    | Found Eveo's Antique Armour Boutique.
  6699 | Orc:2    | Found Vuqacrut's Jewellery Boutique.
  6716 | Orc:2    | Found Mokhes's Antique Weapon Boutique.
  6739 | Orc:2    | Bought an uncursed ring of wizardry for 390 gold pieces
  6862 | Orc:2    | Bought a heavily runed ring mail for 315 gold pieces
  6872 | Orc:2    | Identified the +5 ring mail of the Nine Shrikes {Int+3 Stlth+} (You bought it in a shop on level 2 of the Orcish Mines)
  6934 | D:11     | Found Fuzim's Gadget Emporium.
  7160 | D:14     | Lost mutation: You have razor-sharp toenails. [mutagenic meat]
  7162 | D:14     | Gained mutation: You are frail. (-10% HP) [mutagenic meat]
  7164 | D:14     | Gained mutation: You are occasionally teleported next to monsters. [mutagenic meat]
  7165 | D:14     | Gained mutation: You have extremely sharp teeth. [mutagenic meat]
  7175 | D:14     | Lost mutation: You are frail. (-10% HP) [potion of mutation]
  7175 | D:14     | Lost mutation: You are somewhat resistant to further mutation. [potion of mutation]
  7175 | D:14     | Gained mutation: You have a pair of small horns on your head. [potion of mutation]
  7175 | D:14     | Gained mutation: You have a pair of horns on your head. [potion of mutation]
  7337 | D:13     | Found a burning altar of Makhleb.
  7339 | D:13     | Found Ybrygi's Magic Scroll Boutique.
  7384 | D:13     | Bought a scroll of identify for 28 gold pieces
  7384 | D:13     | Bought a scroll of identify for 28 gold pieces
  7384 | D:13     | Bought a scroll of identify for 28 gold pieces
  7402 | D:13     | Reached XP level 14. HP: 111/111 MP: 26/26
  7606 | D:15     | Entered Level 15 of the Dungeon
  7644 | D:15     | Found Efirch's Magic Scroll Emporium.
  7650 | D:15     | Bought a scroll of magic mapping for 38 gold pieces
  7655 | D:15     | Bought a scroll of fog for 22 gold pieces
  7655 | D:15     | Bought a scroll of immolation for 38 gold pieces
  7655 | D:15     | Bought a scroll of identify for 22 gold pieces
  7859 | D:15     | Lost mutation: You occasionally shout uncontrollably at your foes. [mutagenic meat]
  7874 | D:15     | Lost mutation: You have sharp toenails. [mutagenic meat]
  7875 | D:15     | Gained mutation: Your spells are a little harder to cast, but a little more powerful. [mutagenic meat]
  7876 | D:15     | Gained mutation: You are somewhat resistant to further mutation. [mutagenic meat]
  7877 | D:15     | Lost mutation: You have supernaturally acute eyesight. (SInv) [mutagenic meat]
  7879 | D:15     | Gained mutation: Scrolls take you a little longer to read. [mutagenic meat]
  8145 | D:13     | Found a gate to the Vaults.
  8158 | D:13     | Reached skill level 10 in Stealth
  8637 | Lair:1   | Entered Level 1 of the Lair of Beasts
  8743 | Lair:1   | Found a frozen archway.
  8811 | IceCv    | Entered an ice cave
  9038 | IceCv    | Lost mutation: You have a pair of horns on your head. [potion of mutation]
  9038 | IceCv    | Lost mutation: You have a pair of small horns on your head. [potion of mutation]
  9038 | IceCv    | Lost mutation: You are somewhat resistant to further mutation. [potion of mutation]
  9038 | IceCv    | Gained mutation: You have sharp toenails. [potion of mutation]
  9168 | IceCv    | Noticed a frost giant
  9177 | IceCv    | Killed a frost giant
  9201 | IceCv    | Learned a level 1 spell: Apportation
  9263 | Lair:1   | Noticed Grum
  9269 | Lair:1   | Killed Grum
  9269 | Lair:1   | Reached XP level 15. HP: 119/119 MP: 23/28
  9699 | Lair:6   | Entered Level 6 of the Lair of Beasts
  9708 | Lair:6   | Found a viscous altar of Jiyva.
  9709 | Lair:6   | Found a staircase to the Slime Pits.
  9792 | Lair:6   | Found a runed door.
  9969 | Lair:5   | Reached skill level 10 in Short Blades
  9969 | Lair:5   | Reached skill level 10 in Long Blades
  9969 | Lair:5   | Reached skill level 10 in Maces & Flails
  9969 | Lair:5   | Reached skill level 10 in Polearms
  9969 | Lair:5   | Reached skill level 10 in Staves
  9969 | Lair:5   | Reached skill level 10 in Slings
  9969 | Lair:5   | Reached skill level 10 in Bows
  9969 | Lair:5   | Reached skill level 10 in Crossbows
  9969 | Lair:5   | Reached skill level 10 in Throwing
  9969 | Lair:5   | Reached skill level 10 in Armour
  9969 | Lair:5   | Reached skill level 10 in Shields
  9969 | Lair:5   | Reached skill level 10 in Unarmed Combat
  9969 | Lair:5   | Reached skill level 10 in Spellcasting
  9969 | Lair:5   | Reached skill level 10 in Conjurations
  9969 | Lair:5   | Reached skill level 10 in Hexes
  9969 | Lair:5   | Reached skill level 10 in Charms
  9969 | Lair:5   | Reached skill level 10 in Summonings
  9969 | Lair:5   | Reached skill level 10 in Necromancy
  9969 | Lair:5   | Reached skill level 10 in Translocations
  9969 | Lair:5   | Reached skill level 10 in Transmutations
  9969 | Lair:5   | Reached skill level 10 in Fire Magic
  9969 | Lair:5   | Reached skill level 10 in Ice Magic
  9969 | Lair:5   | Reached skill level 10 in Air Magic
  9969 | Lair:5   | Reached skill level 10 in Earth Magic
  9969 | Lair:5   | Reached skill level 10 in Poison Magic
  9969 | Lair:5   | Reached skill level 10 in Invocations
  9969 | Lair:5   | Reached skill level 10 in Evocations
 10519 | Lair:4   | Found a staircase to the Shoals.
 10546 | Lair:3   | Noticed Rupert
 10558 | Lair:3   | Killed Rupert
 10558 | Lair:3   | Reached XP level 16. HP: 116/127 MP: 27/30
 10681 | Lair:2   | Found a hole to the Spider Nest.
 10690 | Spider:1 | Entered Level 1 of the Spider Nest
 10794 | Spider:3 | Noticed Nikola
 10827 | Spider:3 | Killed Nikola
 10863 | Spider:3 | Noticed Arachne
 10878 | Spider:3 | Killed Arachne
 10917 | Spider:3 | Noticed Azrael
 10940 | Spider:3 | Noticed Louise
 10966 | Spider:3 | Killed Louise
 11014 | Spider:3 | Killed Azrael
 11145 | Spider:3 | Noticed Asterion
 11156 | Spider:3 | Noticed an Executioner
 11158 | Spider:3 | Killed Asterion
 11220 | Spider:4 | Entered Level 4 of the Spider Nest
 11444 | Spider:4 | Reached XP level 17. HP: 135/135 MP: 14/32
 11542 | Spider:4 | Got a gossamer rune of Zot
 11659 | Spider:2 | Noticed Kirke
 11673 | Spider:2 | Killed Kirke
 11783 | Spider:1 | Got a spiked ring mail
 11814 | Spider:1 | Noticed Agnes
 11831 | Spider:1 | Killed Agnes
 11950 | Shoals:1 | Entered Level 1 of the Shoals
 12004 | Shoals:4 | Entered Level 4 of the Shoals
 12022 | Shoals:4 | Got a barnacled rune of Zot
 12063 | Shoals:4 | Noticed Ilsuiw
 12097 | Shoals:4 | Killed Ilsuiw
 12101 | Shoals:4 | Identified the +3 ring mail of Hepliaklqana's Fury {+Inv Str+2} (You found it on level 1 of the Spider Nest)
 12127 | Shoals:4 | Noticed Polyphemus
 12148 | Shoals:4 | Killed Polyphemus
 12456 | Shoals:4 | Reached XP level 18. HP: 143/143 MP: 33/33
 12876 | Slime:1  | Entered Level 1 of the Pits of Slime
 13113 | Slime:5  | Entered Level 5 of the Pits of Slime
 13125 | Slime:5  | Gained mutation: You are dopey. (Int -2) [a shining eye]
 13126 | Slime:5  | Gained mutation: You are very dopey. (Int -4) [a shining eye]
 13127 | Slime:5  | Gained mutation: Scrolls take you longer to read. [a shining eye]
 13128 | Slime:5  | Gained mutation: You are frail. (-10% HP) [a shining eye]
 13129 | Slime:5  | Gained mutation: Potions are less effective at restoring your health. [a shining eye]
 13440 | Slime:5  | Noticed 4thArraOfDagon's ghost (adept OgEn)
 13560 | Slime:3  | Gained mutation: You are very frail. (-20% HP) [a shining eye]
 13690 | Slime:5  | HP: 7/150 [azure jelly (3)]
 13690 | Slime:5  | Annihilated by an azure jelly

Vault maps used:
D:1:      shiori_shiawase, minmay_fountain_box
D:3:      first_bread, uniq_terence
D:4:      lemuel_crystal_altar, zin_angel
D:5:      nicolae_ru_sacrificial_ziggurat, fedhas_altar_fruit_tree,
          temple_statues, nrook_pool_corridor, lightli_minifort
D:6:      elyvilon_altar_4, lemuel_coloured_pillars_altar, uniq_edmund
D:8:      minmay_lair_entry_lava, grunt_livestock, uniq_maurice
D:9:      kennysheep_town
D:10:     uniq_josephine, uniq_harold
D:11:     david_orc_3, nicolae_trove_entry_free_sample, serial_shops,
          shop_fountains, minmay_misc_feat_cross
D:12:     minmay_misc_feat_columns
D:13:     kennysheep_funnel, david_vaults_5, serial_shops, shop, basic_altar
D:14:     nicolae_two_hexagons, kennysheep_treasure_room
D:15:     grunt_enter_depths_snipers, serial_shops, shop_fountains,
          lemuel_centaur_altar
Temple:   eino_temple_rhombus
Lair:1:   portal_ice_cave_demonic_guard, uniq_grum
Lair:2:   spider_nest_entry_web_field, minmay_lair_oklob_chamber
Lair:3:   uniq_rupert
Lair:4:   shoals_dummy_entry, minivault_25, grunt_forest_large_clearing_hut,
          infiniplex_staircase_pool_2
Lair:5:   columned_hall_lemuel, st_stairs_12
Lair:6:   hangedman_lair_caniforms_friends, wormcave, slime_altar_1
Shoals:3: serial_shops, shop, nicolae_shoals_stone_sculpture_thing
Shoals:4: shoals_end_simple, shoals_ilsuiw_alternative, uniq_polyphemus
Spider:1: uniq_roxanne, uniq_agnes
Spider:2: uniq_kirke
Spider:3: zaba_anthell, uniq_arachne, uniq_nikola, uniq_asterion, uniq_azrael,
          uniq_louise
Spider:4: spider_rune_water
Orc:1:    serial_shops, shop_fountains, shop, nicolae_shop_crystal, shop, shop,
          basic_altar, uniq_snorg, uniq_fannar, uniq_erica
Orc:2:    grunt_orc_cross
IceCv:    ice_cave_caverns_01

Skill      XL: |  1  2  3  4  5  6  7  8  9 10 11 12 13 14 15 16 17 18 |
---------------+-------------------------------------------------------+-----
Short Blades   | 1 2 3 4 5 6 7 8 9 10 11 12 | 12.3
Long Blades    | 1 2 3 4 5 6 7 8 9 10 11 12 | 12.3
Maces & Flails | 1 2 3 4 5 6 7 8 9 10 11 12 | 12.3
Polearms       | 1 2 3 4 5 6 7 8 9 10 11 12 | 12.3
Staves         | 1 2 3 4 5 6 7 8 9 10 11 12 | 12.3
Slings         | 1 2 3 4 5 6 7 8 9 10 11 12 | 12.3
Bows           | 1 2 3 4 5 6 7 8 9 10 11 12 | 12.3
Crossbows      | 1 2 3 4 5 6 7 8 9 10 11 12 | 12.3
Throwing       | 1 2 3 4 5 6 7 8 9 10 11 12 | 12.3
Armour         | 1 2 3 4 5 6 7 8 9 10 11 12 | 12.3
Shields        | 1 2 3 4 5 6 7 8 9 10 11 12 | 12.3
Unarmed Combat | 1 2 3 4 5 6 7 8 9 10 11 12 | 12.3
Spellcasting   | 1 2 3 4 5 6 7 8 9 10 11 12 | 12.3
Conjurations   | 1 2 3 4 5 6 7 8 9 10 11 12 | 12.3
Hexes          | 1 2 3 4 5 6 7 8 9 10 11 12 | 12.3
Charms         | 1 2 3 4 5 6 7 8 9 10 11 12 | 12.3
Summonings     | 1 2 3 4 5 6 7 8 9 10 11 12 | 12.3
Necromancy     | 1 2 3 4 5 6 7 8 9 10 11 12 | 12.3
Translocations | 1 2 3 4 5 6 7 8 9 10 11 12 | 12.3
Transmutations | 1 2 3 4 5 6 7 8 9 10 11 12 | 12.3
Fire Magic     | 1 2 3 4 5 6 7 8 9 10 11 12 | 12.3
Ice Magic      | 1 2 3 4 5 6 7 8 9 10 11 12 | 12.3
Air Magic      | 1 2 3 4 5 6 7 8 9 10 11 12 | 12.3
Earth Magic    | 1 2 3 4 5 6 7 8 9 10 11 12 | 12.3
Poison Magic   | 1 2 3 4 5 6 7 8 9 10 11 12 | 12.3
Invocations    | 1 2 3 4 5 6 7 8 9 10 11 12 | 12.3
Evocations     | 1 2 3 4 5 6 7 8 9 10 11 12 | 12.3
Fighting       | 7 8 9 10 11 12 13 | 13.6
Axes           | 7 8 9 10 11 12 13 | 13.6
Dodging        | 7 8 9 10 11 12 13 | 13.6
Stealth        | 5 6 7 8 9 10 11 12 | 12.9

Action                   |  1- 3 |  4- 6 |  7- 9 | 10-12 | 13-15 | 16-18 || total
-------------------------+-------+-------+-------+-------+-------+-------++-------
Melee: Hand axe          |    65 |   101 |   247 |       |       |       ||   413
       Bite              |    16 |    19 |    80 |   132 |   151 |   185 ||   583
       Punch             |       |       |    10 |    26 |    47 |    83 ||   166
       War axe           |       |       |   123 |   539 |   820 |   735 ||  2217
       Flail             |       |       |     1 |    22 |       |       ||    23
       Kick              |       |       |       |    81 |   397 |   499 ||   977
       Headbutt          |       |       |       |       |    93 |       ||    93
       Scimitar          |       |       |       |       |     9 |       ||     9
Throw: Throwing net      |       |       |     1 |     1 |     1 |       ||     3
 Cast: Passage of Golubr |       |       |       |       |    10 |     5 ||    15
       Statue Form       |       |       |       |       |    36 |    51 ||    87
       Apportation       |       |       |       |       |    43 |    38 ||    81
Invok: Bend Time         |       |     1 |       |       |       |       ||     1
       Slouch            |       |       |       |     1 |     2 |    18 ||    21
       Temporal Distorti |       |       |       |       |       |     4 ||     4
 Abil: End Transformatio |       |       |       |       |     6 |    22 ||    28
Evoke: Wand              |       |       |     4 |    22 |       |     6 ||    32
  Use: Scroll            |     3 |       |     4 |    13 |    15 |    11 ||    46
       Potion            |       |     1 |     1 |     2 |     3 |     8 ||    15
 Stab: Sleeping          |     5 |       |       |     2 |    16 |    10 ||    33
       Held in net/web   |       |       |       |     2 |     3 |       ||     5
       Distracted        |       |       |       |       |     1 |     7 ||     8
       Paralysed         |       |       |       |       |       |     4 ||     4
  Eat: Royal jelly       |       |     1 |       |     2 |     5 |     7 ||    15
       Fruit             |       |       |     9 |     8 |     4 |     3 ||    24
       Chunk             |       |       |     2 |     4 |    21 |     1 ||    28
       Bread ration      |       |       |       |       |       |     1 ||     1
Armor: Robe              |    17 |       |       |       |       |       ||    17
       Plate armour      |    14 |    53 |   172 |   315 |    51 |       ||   605
       Scale mail        |       |       |     8 |       |       |       ||     8
       Troll leather arm |       |       |       |     8 |       |       ||     8
       Ring mail         |       |       |       |       |    76 |    19 ||    95
       Skin              |       |       |       |       |   312 |   729 ||  1041
Dodge: Dodged            |    87 |    48 |   267 |   703 |  1676 |  2309 ||  5090
       Rpst.: Scimitar   |       |       |       |       |     2 |       ||     2

Table legend:
 A = Spawn XP
 B = Non-spawn XP
 C = Spawn XP percentage of total XP
 D = Spawn monster count
 E = Non-spawn monster count
 F = Spawn count percentage of total count
 G = Total turns spent on level
                    A         B        C        D         E        F      G
               +---------+---------+-------+---------+---------+-------+---------
         Total |       0 |  316027 |   0.0 |       0 |    1095 |   0.0 | 13690
               +---------+---------+-------+---------+---------+-------+---------
           D:1 |       0 |      10 |   0.0 |       0 |       7 |   0.0 |   243
           D:2 |       0 |      33 |   0.0 |       0 |      14 |   0.0 |   289
           D:3 |       0 |     223 |   0.0 |       0 |      18 |   0.0 |   228
           D:4 |       0 |     438 |   0.0 |       0 |      10 |   0.0 |   346
           D:5 |       0 |     816 |   0.0 |       0 |      26 |   0.0 |   765
           D:6 |       0 |    1145 |   0.0 |       0 |      23 |   0.0 |   480
           D:7 |       0 |     554 |   0.0 |       0 |      17 |   0.0 |   516
           D:8 |       0 |    4991 |   0.0 |       0 |      43 |   0.0 |   680
           D:9 |       0 |    7252 |   0.0 |       0 |      59 |   0.0 |  1163
          D:10 |       0 |    4439 |   0.0 |       0 |      26 |   0.0 |   316
          D:11 |       0 |    4991 |   0.0 |       0 |      38 |   0.0 |   527
          D:12 |       0 |    4348 |   0.0 |       0 |      23 |   0.0 |   684
          D:13 |       0 |   10419 |   0.0 |       0 |      36 |   0.0 |   515
          D:14 |       0 |    7419 |   0.0 |       0 |      22 |   0.0 |   327
          D:15 |       0 |    4209 |   0.0 |       0 |      13 |   0.0 |   376
        Temple |       0 |     130 |   0.0 |       0 |       4 |   0.0 |   119
        Lair:1 |       0 |    5377 |   0.0 |       0 |      20 |   0.0 |   271
        Lair:2 |       0 |    3819 |   0.0 |       0 |      15 |   0.0 |   198
        Lair:3 |       0 |    8210 |   0.0 |       0 |      27 |   0.0 |   168
        Lair:4 |       0 |    1876 |   0.0 |       0 |      11 |   0.0 |   214
        Lair:5 |       0 |    3380 |   0.0 |       0 |       9 |   0.0 |   171
        Lair:6 |       0 |   32868 |   0.0 |       0 |     131 |   0.0 |   836
      Shoals:1 |       0 |    4624 |   0.0 |       0 |       9 |   0.0 |    82
      Shoals:3 |       0 |    9603 |   0.0 |       0 |      19 |   0.0 |   162
      Shoals:4 |       0 |   39215 |   0.0 |       0 |      61 |   0.0 |   607
      Spider:1 |       0 |    5603 |   0.0 |       0 |      13 |   0.0 |   142
      Spider:2 |       0 |   13322 |   0.0 |       0 |      33 |   0.0 |   192
      Spider:3 |       0 |   31795 |   0.0 |       0 |      76 |   0.0 |   491
      Spider:4 |       0 |   24820 |   0.0 |       0 |      53 |   0.0 |   360
       Slime:1 |       0 |   15312 |   0.0 |       0 |      24 |   0.0 |    92
       Slime:2 |       0 |    1059 |   0.0 |       0 |       4 |   0.0 |    23
       Slime:3 |       0 |    2275 |   0.0 |       0 |       3 |   0.0 |    39
       Slime:4 |       0 |   18970 |   0.0 |       0 |      27 |   0.0 |   438
       Slime:5 |       0 |   11315 |   0.0 |       0 |      20 |   0.0 |   125
         Orc:1 |       0 |    5864 |   0.0 |       0 |      40 |   0.0 |   282
         Orc:2 |       0 |   12330 |   0.0 |       0 |      66 |   0.0 |   781
         IceCv |       0 |   12973 |   0.0 |       0 |      55 |   0.0 |   420
               +---------+---------+-------+---------+---------+-------+---------
